 Dungeon Crawl Stone Soup version 0.25-a0-561-g0977b4d109 (webtiles) character file.

Game seed: 17242963412394613900, levelgen mode: deterministic

1444 Flugslaktarn the Chopper (level 8, -1/74 HPs)
             Began as a Deep Dwarf Fighter on Feb 26, 2020.
             Slain by an orc warrior
             ... wielding a +0 short sword
              (7 damage)
             ... on level 6 of the Dungeon.
             The game lasted 00:01:53 (2958 turns).

Flugslaktarn the Chopper (Deep Dwarf Fighter)       Turns: 2958, Time: 00:01:54

Health: -1/74      AC: 12    Str: 22    XL:     8   Next: 46%
Magic:  6/6        EV:  6    Int:  9    God:
Gold:   109        SH: 10    Dex: 12    Spells: 7/7 levels left

rFire    . . .     SeeInvis .   a - +0 war axe
rCold    . . .     Gourm    .   c - +0 kite shield
rNeg     . . .     Faith    .   j - +0 chain mail
rPois    .         Spirit   .   h - +0 helmet
rElec    .         Reflect  .   (no cloak)
rCorr    .         Harm     .   (no gloves)
MR       +....                  s - +0 pair of boots
Stlth    ..........             (no amulet)
HPRegen  0.00/turn              (no ring)
MPRegen  0.10/turn              (no ring)

@: non-regenerating, lightly drained
A: damage resistance, heal wounds, sense surroundings 1, no regeneration
a: Heal Wounds


You were on level 6 of the Dungeon.
You were not hungry.

You visited 2 branches of the dungeon, and saw 7 of its levels.

You collected 109 gold pieces.

Inventory:

Hand Weapons
 a - a +0 war axe (weapon)
Armour
 c - a +0 kite shield (worn)
 h - a +0 helmet (worn)
   (You took it off Robin on level 3 of the Dungeon)
 j - a +0 chain mail (worn)
   (You took it off an orc warrior on level 5 of the Dungeon)
 s - a +0 pair of boots (worn)
   (You found it on level 6 of the Dungeon)
Jewellery
 i - an uncursed ring of magical power {unknown}
   (You found it on level 4 of the Dungeon)
 n - a cursed -4 ring of protection {unknown}
   (You found it on level 5 of the Dungeon)
 t - an uncursed ring of protection from cold {unknown}
   (You found it on level 6 of the Dungeon)
Wands
 g - a wand of iceblast (10)
   (You took it off Ijyb on level 3 of the Dungeon)
Scrolls
 b - 6 scrolls of amnesia {unknown}
 l - 3 scrolls of teleportation {unknown}
 o - 5 scrolls of identify {unknown}
 p - a scroll of blinking {unknown}
 q - a scroll of enchant armour {unknown}
Potions
 d - a potion of might
 f - 2 potions of curing {unknown}
 k - a potion of brilliance {unknown}
 m - a potion of invisibility {unknown}
Comestibles
 e - 8 rations
 r - 5 chunks of flesh


   Skills:
 + Level 5.0(4.6) Fighting
 * Level 7.6(7.1) Axes
 + Level 6.1(5.7) Armour
 + Level 6.0(5.6) Shields


You had 7 spell levels left.
You didn't know any spells.
Your spell library was empty.

Dungeon Overview and Level Annotations

Branches:
Dungeon (6/15)             Temple (1/1) D:5

Altars:
Cheibriados
Dithmenos
Elyvilon
Fedhas
Kikubaaqudgha
Nemelex Xobeh
Okawaru
Qazlal
Ru
Uskayaw
Wu Jian
Xom
Yredelemnul
Zin
The Shining One


Innate Abilities, Weirdness & Mutations

You are resistant to damage.
You can heal yourself by infusing magical energy.
You passively map a small area around you.
You do not regenerate.


Message History

You closely miss the orc.
You hit the orc wizard but do no damage.
Your shield and chain mail prevent you from hitting the orc warrior.
You closely miss the orc warrior. The orc wizard barely misses you.
The orc barely misses you.
The orc warrior hits you with a +0 short sword!
You block the orc wizard's attack.
You are too injured to fight recklessly!
You are too injured to fight recklessly!
Unknown command.
The orc wizard mumbles some strange words.
The orc wizard blinks!
Things that are here:
a +0 trident; a +0 leather armour; an orc corpse The orc wizard points at you and mumbles some strange words.
The magic dart hits you.
The orc warrior hits you with a +0 battleaxe!!
* * * LOW HITPOINT WARNING * * *
The orc warrior hits you with a +0 short sword!
You die...

# # #########
#### #
#.......## ##..#
#.######.###..##
# #.# ##.#...#
## ##'## ##...##
#. ##...## ##.##
#. #8.@.8# #.##
##. ##oooo.##
#..# #..
#..[o)..# ##.#
##. #o8o[o8o#
#.## #.
#o..ooo.# #..#
##


#.ooooo.# ##.# # #.8...8.# #.## # #.......# ##.# # #.......# #.## You could see
4 orc warriors, an orc priest, 2 orc wizards and 11 orcs.

Vanquished Creatures
  A water moccasin (D:6)
  Duvessa (D:4)
  An orc warrior (D:5)
  A sky beast (D:6)
  A phantom (D:4)
  An ogre (D:4)
  A centaur (D:6)
  2 bullfrogs (D:6)
  Dowan (D:4)
  A howler monkey (D:4)
  A crimson imp (D:4)
  An orc priest (D:5)
  A hound (D:3)
  4 orc wizards
  2 iguanas (D:6)
  Ijyb (D:3)
  4 worker ants
  A killer bee zombie (D:5)
  A hound zombie (D:6)
  A hound skeleton (D:5)
  Robin (D:3)
  A howler monkey skeleton (D:4)
  4 adders
  2 worms
  A dart slug (D:4)
  2 leopard geckos
  15 orcs
  4 giant cockroaches
  2 gnoll zombies (D:4)
  7 hobgoblins
  7 jackals
  2 kobolds
  A quokka (D:6)
  A ball python skeleton (D:4)
  A bat (D:3)
  4 frilled lizards
  A giant cockroach zombie (D:5)
  7 goblins (D:3)
  A jackal skeleton (D:6)
  2 rats
94 creatures vanquished.

Notes
Turn   | Place    | Note
-------+----------+-------------------------------------------
     0 | D:1      | Flugslaktarn the Deep Dwarf Fighter began the quest for the
                  | Orb.
     0 | D:1      | Reached XP level 1. HP: 20/20 MP: 1/1
   105 | D:3      | Noticed Ijyb
   105 | D:3      | Noticed Robin
   108 | D:3      | Reached XP level 2. HP: 22/27 MP: 2/2
   121 | D:3      | Reached skill level 3 in Axes
   121 | D:3      | Reached XP level 3. HP: 21/34 MP: 2/2
   126 | D:3      | Killed Robin
   131 | D:3      | Killed Ijyb
   131 | D:3      | Reached XP level 4. HP: 22/42 MP: 3/3
   160 | D:3      | You fall into a shaft and drop 2 floors!
   160 | D:5      | Entered Level 5 of the Dungeon
   205 | D:5      | Noticed an orc warrior
   222 | D:5      | Reached skill level 4 in Axes
   222 | D:5      | Reached XP level 5. HP: 49/49 MP: 3/3
   228 | D:5      | Killed an orc warrior
   397 | D:5      | Reached XP level 6. HP: 35/56 MP: 4/4
   434 | D:5      | Found a staircase to the Ecumenical Temple.
   443 | Temple   | Entered the Ecumenical Temple
   823 | D:5      | Found a basalt altar of Yredelemnul.
  1085 | D:4      | Reached skill level 5 in Axes
  1121 | D:4      | Reached XP level 7. HP: 39/64 MP: 5/5
  1223 | D:4      | Reached skill level 5 in Armour
  1334 | D:4      | Reached skill level 5 in Shields
  1364 | D:4      | Noticed Duvessa
  1364 | D:4      | Noticed Dowan
  1379 | D:4      | Killed Duvessa
  1379 | D:4      | Reached skill level 6 in Axes
  1389 | D:4      | Killed Dowan
  1616 | D:4      | Found a basalt altar of Yredelemnul.
  2025 | D:4      | Found a snail-covered altar of Cheibriados.
  2520 | D:6      | Reached XP level 8. HP: 46/73 MP: 6/6
  2551 | D:6      | Reached skill level 7 in Axes
  2660 | D:6      | Found a runed translucent door.
  2784 | D:6      | Found a shimmering altar of Xom.
  2837 | D:6      | Reached skill level 5 in Fighting
  2958 | D:6      | Slain by an orc warrior

Levels and vault maps discovered:
D:1:      ebering_trefoil_3fold, layout_rooms, serial_forest,
          infiniplex_forest_lined_2, infiniplex_forest_corner_2,
          infiniplex_forest_straight_4, infiniplex_forest_lined_1,
          infiniplex_forest_clump_diagonal, infiniplex_forest_clump_curved,
          infiniplex_forest_clump_medium, infiniplex_forest_clump_medium
D:2:      layout_basic, lemuel_coloured_pillars_altar, vehumet_crystals,
          kennysheep_generic_room_6
D:3:      layout_rooms, uniq_ijyb, uniq_robin, uniq_crazy_yiuf_cottage
D:4:      layout_basic, lemuel_zombie_altar_yredelemnul, kennysheep_little_box,
          uniq_duvessa
D:5:      layout_basic, minmay_temple_entry_antechambers, first_ration,
          basic_altar
D:6:      layout_cave_pods, brannock_xom_greatest_gift, lightli_church_of_beogh
Temple:   minmay_temple_bridge_abc

Skill      XL: |  1  2  3  4  5  6  7  8 |
---------------+-------------------------+-----
Fighting       | 3 4 5 |  5.0
Axes           | 3 4 5 6 7 |  7.6
Armour         | 4 5 6 |  6.1
Shields        | 4 5 6 |  6.0

Action                   |  1- 3 |  4- 6 |  7- 9 || total
-------------------------+-------+-------+-------++-------
Melee: War axe           |    33 |   106 |   235 ||   374
 Abil: Heal Wounds       |     1 |     8 |     4 ||    13
  Eat: Chunk             |       |     1 |     6 ||     7
Armor: Scale mail        |    38 |     7 |       ||    45
       Chain mail        |       |    35 |   121 ||   156
Dodge: Dodged            |    23 |    27 |    63 ||   113
Block: Kite shield       |    40 |    62 |   147 ||   249

Table legend:
 A = Non-vault XP
 B = Vault XP
 C = Vault XP percentage of total XP
 D = Non-vault monster count
 E = Vault monster count
 F = Vault count percentage of total count
                 A         B        C        D         E       F
            +---------+---------+-------+---------+---------+-------
      Total |    1706 |     357 |  17.3 |      70 |      24 |  25.5
            +---------+---------+-------+---------+---------+-------
        D:1 |       2 |       0 |   0.0 |       2 |       0 |   0.0
        D:2 |       6 |       0 |   0.0 |       4 |       0 |   0.0
        D:3 |      62 |      71 |  53.4 |       7 |      13 |  65.0
        D:4 |     587 |     231 |  28.2 |      29 |       4 |  12.1
        D:5 |     319 |       0 |   0.0 |      10 |       0 |   0.0
        D:6 |     730 |      55 |   7.0 |      18 |       7 |  28.0
            +---------+---------+-------+---------+---------+-------
